 Dungeon Crawl Stone Soup version 0.26.0-41-g79a4fc7684 (webtiles) character file.

Game seed: 15708817872727739182

41 thiole the Sneak (level 3, -4/21 HPs)
             Began as an Octopode Hedge Wizard on Jan 27, 2021.
             Slain by a gnoll
             ... wielding a cursed +0 club
              (9 damage)
             ... on level 2 of the Dungeon.
             The game lasted 00:00:42 (1362 turns).

thiole the Sneak (Octopode Hedge Wizard)            Turns: 1362, Time: 00:00:43

Health: -4/21      AC:  1    Str:  9    XL:     3   Next: 52%
Magic:  4/7        EV: 13    Int: 17    God:
Gold:   144        SH:  0    Dex: 11    Spells: 7/8 levels left

rFire    . . .     SeeInvis .   a - +0 dagger
rCold    . . .     Faith    .   (no shield)
rNeg     . . .     Spirit   .   b - +0 hat
rPois    .         Reflect  .   (no amulet)
rElec    .         Harm     .   (no ring)
rCorr    .         Rampage  .   (no ring)
Will     .....                  (no ring)
Stlth    +++.......             (no ring)
HPRegen  0.07/turn              (no ring)
MPRegen  0.10/turn              (no ring)
                                (no ring)
                                (no ring)

@: very slightly contaminated
A: almost no armour, stealthy swim, amphibious, 8 rings, constrict 8, camouflage
1, gelatinous body 1
a: no special abilities


You were on level 2 of the Dungeon.
You visited 1 branch of the dungeon, and saw 2 of its levels.

You collected 144 gold pieces.

Inventory:

Hand Weapons
 a - a +0 dagger (weapon)
Armour
 b - a +0 hat (worn)
Scrolls
 c - 2 scrolls of identify {unknown}
Potions
 d - a potion of curing {unknown}
 e - a potion of degeneration {unknown}


   Skills:
 - Level 2.0 Dodging
 + Level 3.3 Stealth
 + Level 3.2 Spellcasting
 - Level 2.0 Conjurations
 - Level 2.0 Summonings
 - Level 1.0 Translocations


You had 7 spell levels left.
You knew the following spells:

 Your Spells              Type           Power        Failure   Level
a - Magic Dart            Conj           36%          8%          1

Your spell library contained the following spells:

 Spells                   Type           Power        Failure   Level
 Call Imp                 Summ           9%           12%         2
 Blink                    Tloc           N/A          17%         2
 Slow                     Hex            2%           26%         2
 Conjure Flame            Conj/Fire      6%           34%         3
 Mephitic Cloud           Conj/Pois/Air  5%           36%         3


Dungeon Overview and Level Annotations

Branches:
Dungeon (2/15)

Altars:
Qazlal
Yredelemnul
The Shining One


Innate Abilities, Weirdness & Mutations

You cannot wear most types of armour.
You are very stealthy in the water. (Stealth+)
You are amphibious.
You can wear up to eight rings at the same time.
You can use your tentacles to constrict eight enemies at once.
Your skin changes colour to match your surroundings (Stealth+).
Your rubbery body absorbs attacks. (AC +1, EV +1)


Message History

You release your grip on the gnoll.
You hit the gnoll. You grab the gnoll.
The gnoll is lightly wounded.
You constrict the gnoll, but do no damage.
The gnoll hits you with a cursed +0 club!
You hit the gnoll.
The gnoll is lightly wounded.
You constrict the gnoll.
The gnoll hits you with a cursed +0 club.
* * * LOW HITPOINT WARNING * * *
Casting: Magic Dart (safe; 8% risk of failure)
Confirm with . or Enter, or press ? or * to list all spells.
Aiming: Magic Dart (safe; 8% risk of failure)
Press: ? - help, Shift-Dir - straight line, f/p - gnoll
Aim: a gnoll, wielding a +0 club (moderately wounded, constricted by you, 0% to evade)
The magic dart hits the gnoll but does no damage.
The gnoll is moderately wounded.
You constrict the gnoll.
The gnoll hits you with a cursed +0 club!
You die...

#######..####.#.##.##.#
#..# #.#.##.##.# #..#
#.#.##.##.# ########..#
#.#..<.##.# ..........#
#.###..##.# ..#######.#
#.........# #.#
#####..#### #<#
#####..#### #@#
#.........# #g#
#.###..##.# #g#
#.###..##.#
..........##.##...##.#
#................###.#
#.####....##.##..# #.#
#....##.##..# #.#
#...#.......###.#
.####....##.........#


You could see 2 gnolls.

Vanquished Creatures
  A gnoll (D:2)
  An adder (D:2)
  2 dart slugs (D:1)
  4 giant cockroaches
  A goblin (D:2)
  3 hobgoblins
  A kobold (D:2)
  A bat (D:1)
  2 frilled lizards
  3 rats (D:1)
19 creatures vanquished.

Notes
Turn   | Place    | Note
-------+----------+-------------------------------------------
     0 | D:1      | thiole the Octopode Hedge Wizard began the quest for the
                  | Orb.
     0 | D:1      | Reached XP level 1. HP: 11/11 MP: 4/4
   263 | D:1      | Reached XP level 2. HP: 17/17 MP: 3/6
   844 | D:1      | You fall into a shaft and drop 1 floor!
   907 | D:2      | Found a basalt altar of Yredelemnul.
   941 | D:2      | Found a glowing golden altar of the Shining One.
  1121 | D:2      | Reached XP level 3. HP: 12/21 MP: 1/7
  1324 | D:2      | Found a stormy altar of Qazlal.
  1362 | D:2      | Slain by a gnoll

Illustrated notes

Levels and vault maps discovered:
D:1:      dpeg_arrival_shelter, layout_basic
D:2:      layout_loops_ring, grunt_temple_overflow_holy_war,
          lemuel_coloured_pillars_altar, cheibrodos_gnoll_hut

Skill      XL: |  1  2  3 |
---------------+----------+-----
Stealth        | 3 |  3.3
Conjurations   | 2 |  2.0
Summonings     | 2 |  2.0
Dodging        | |  2.0
Spellcasting   | |  3.2
Translocations | |  1.0

Action                   || total
-------------------------++-------
Melee: Dagger            ||    29
       Tentacles         ||     6
       Constrict         ||     8
 Cast: Magic Dart        ||    39
Armor: Skin              ||     1
Dodge: Dodged            ||    18
